 Dungeon Crawl Stone Soup version 0.30.0-15-g856e2d3f33 (webtiles) character file.

Game seed: 769446483505237135

103233 Sobieck the Eclecticist (level 15, -2/70 HPs)
             Began as a Spriggan Earth Elementalist on May 19, 2023.
             Was the Champion of Dithmenos.
             Splashed by a brown ugly thing's acid (11 damage)
             ... on level 15 of the Dungeon.
             The game lasted 01:33:11 (28175 turns).

Sobieck the Eclecticist (SpEE)                     Turns: 28175, Time: 01:33:12

Health: -2/70      AC: -1    Str:  4    XL:     15   Next: 88%
Magic:  42/47      EV: 30    Int: 23    God:    Dithmenos [******]
Gold:   1689       SH:  0    Dex: 17    Spells: 29/50 levels left

rFire   . . .        a - +10 dagger of Articulation {venom, rC+, short}
rCold   + . .        (no shield)
rNeg    . . .        e - +2 robe {Archmagi}
rPois   +            (helmet restricted)
rElec   .            o - +2 cloak {rPois}
rCorr   .            (gloves unavailable)
SInv    +            (boots unavailable)
Will    ++...        L - amulet of magic regeneration {@e2} Stlth **++++++++
                     P - ring of magical power
HPRegen 0.31/turn    Z - +5 ring of evasion
MPRegen 0.70/turn

%: archmagi
@: corroded, wreathed by umbra, very quick
A: very small, no large weapons, unfitting armour, see invisible, speed 3
a: Renounce Religion, Shadow Step, Shadow Form


You were on level 15 of the Dungeon.
You worshipped Dithmenos.
Dithmenos was exalted by your worship.
You visited 4 branches of the dungeon, and saw 23 of its levels.
You also visited: Gauntlet.

You collected 3430 gold pieces.
You spent 1741 gold pieces at shops.


Innate Abilities, Weirdness & Mutations

You are very small and have problems with some larger weapons.
You are too small for most types of armour.
You have supernaturally acute eyesight. (SInv)
You cover ground extremely quickly. (Speed+++)


   Skills:
 - Level 4.2 Fighting
 - Level 7.8 Short Blades
 - Level 12.0 Dodging
 - Level 16.3 Stealth
 + Level 2.9 Shields
 + Level 18.0 Spellcasting
 - Level 9.0 Conjurations
 - Level 10.0 Transmutations
 - Level 12.0 Earth Magic


You had 29 spell levels left.
You knew the following spells:

 Your Spells              Type           Power      Damage    Failure   Level
a - Sandblast             Erth           100%       2d20      1%          1
b - Passwall              Tmut/Erth      68%        N/A       1%          2
c - Stone Arrow           Conj/Erth      100%       3d13      1%          3
d - Petrify               Tmut/Erth      82%        N/A       1%          4
e - Iron Shot             Conj/Erth      40%        9d8       4%          6
f - Irradiate             Conj/Tmut      38%        3d24      1%          5

Your spell library contained the following spells:

 Spells                   Type           Power      Damage    Failure   Level
 Foxfire                  Conj/Fire      100%       2x1d9     1%          1
 Momentum Strike          Conj/Tloc      100%       3d10      1%          2
 Wereblood                Tmut           79%        N/A       1%          2
 Dazzling Flash           Conj/Hex       100%       N/A       1%          3
 Hailstorm                Conj/Ice       58%        3d13      1%          3
 Animate Armour           Summ/Erth      100%       N/A       1%          4
 Leda's Liquefaction      Hex/Erth       32%        N/A       1%          4
 Blade Hands              Tmut           39%        N/A       1%          5
 Freeze                   Ice            100%       1d10      2%          1
 Blink                    Tloc           62%        N/A       3%          2
 Cigotuvi's Dreadful Rot  Necr/Pois/Air  62%        N/A       3%          2
 Lesser Beckoning         Tloc           62%        N/A       3%          2
 Scorch                   Fire           62%        2d7       3%          2
 Sublimation of Blood     Necr           31%        N/A       3%          2
 Flame Wave               Conj/Fire      58%        2d14      3%          4
 Call Canine Familiar     Summ           31%        N/A       8%          3
 Frozen Ramparts          Ice            62%        1d10      8%          3
 Portal Projectile        Hex/Tloc       62%        N/A       8%          3
 Vhi's Electric Charge    Tloc/Air       62%        N/A       8%          3
 Arcjolt                  Conj/Air       29%        1d39      11%         5
 Animate Dead             Necr           31%        N/A       24%         4
 Manifold Assault         Tloc           31%        N/A       24%         4
 Dragon Form              Tmut           39%        N/A       34%         7
 Eringya's Noxious Bog    Tmut/Pois      30%        N/A       43%         6
 Agony                    Necr           31%        N/A       56%         5
 Silence                  Hex/Air        15%        N/A       56%         5
 Summon Forest            Summ/Tloc      15%        N/A       56%         5
 Dispersal                Tloc           15%        N/A       98%         6
 Summon Cactus Giant      Summ           15%        N/A       98%         6
 Haunt                    Necr/Summ      15%        N/A       100%        7
 Summon Hydra             Summ           15%        N/A       100%        7
 Disjunction              Tloc           15%        N/A       100%        8
 Infestation              Necr           15%        N/A       100%        8
 Maxwell's Capacitive Co  Air            15%        ∞         100%        8
 Fire Storm               Conj/Fire      29%        8d7       100%        9

Inventory:

Hand Weapons
 a - the +10 dagger of Articulation (weapon) {venom, rC+, short}
   (You bought it in a shop on level 2 of the Dungeon)

   rC:        It protects you from cold.
Missiles
 v - 48 poisoned darts {throwing}
 z - 36 boomerangs {throwing}
 I - 2 throwing nets {=f!fthrowing}
Armour
 e - a +2 robe of the Archmagi (worn)
   (You took it off a wight on level 9 of the Dungeon)
 o - a +2 cloak of poison resistance (worn)
   (You took it off Maurice on level 8 of the Dungeon)
 x - a scarf of resistance
   (You found it on level 8 of the Dungeon)
 B - a +1 buckler of positive energy
   (You found it on level 8 of the Dungeon)
Magical Staves
 b - a staff of earth {!astaff}
   (You found it on level 13 of the Dungeon)
Jewellery
 n - a ring of protection from fire
   (You found it on level 1 of the Dungeon)
 t - the ring of Caufepsadgh {rC+ Str+4 SInv}
   (You found it on level 2 of the Dungeon)

   [ring of see invisible]

   Str:       It affects your strength (+4).
   rC:        It protects you from cold.
   SInv:      It lets you see invisible.
 J - a ring of protection from fire
   (You found it on level 3 of the Lair of Beasts)
 L - an amulet of magic regeneration (around neck) {@e2}
   (You found it on level 14 of the Dungeon)
 P - a ring of magical power (left hand)
   (You found it on level 1 of the Lair of Beasts)
 R - a ring of resist corrosion
   (You found it on level 3 of the Lair of Beasts)
 V - the ring of Laxacaiw {rPois rC+ Str+4}
   (You found it on level 14 of the Dungeon)

   [ring of protection from cold]

   Str:       It affects your strength (+4).
   rC:        It protects you from cold.
   rPois:     It protects you from poison.
 Z - a +5 ring of evasion (right hand)
   (You found it on level 7 of the Dungeon)
Wands
 f - a wand of charming (25)
   (You found it on level 8 of the Dungeon)
 q - a wand of mindburst (18)
   (You found it on level 2 of the Dungeon)
 D - a wand of roots (9)
   (You found it on level 10 of the Dungeon)
 F - a wand of polymorph (19)
   (You took it off Maurice on level 8 of the Dungeon)
 T - a wand of digging (4)
   (You found it on level 4 of the Lair of Beasts)
 W - a wand of quicksilver (11)
   (You took it off Maggie on level 10 of the Dungeon)
 X - a wand of flame (19)
   (You found it on level 3 of the Lair of Beasts)
Scrolls
 h - 4 scrolls of identify {@r1}
 l - 6 scrolls of fear
 p - 3 scrolls of noise {!r}
 y - a scroll of magic mapping {!r}
 C - 5 scrolls of enchant armour
 E - 5 scrolls of fog
 G - 4 scrolls of vulnerability {!r!r}
 H - 3 scrolls of poison
 M - a scroll of silence {!r}
 O - 2 scrolls of butterflies
 Q - 13 scrolls of teleportation {@r4}
 U - 3 scrolls of immolation {!r!r}
 Y - a scroll of enchant weapon
Potions
 c - 3 potions of haste {@q3}
 d - 2 potions of resistance
 g - 4 potions of magic
 i - 9 potions of ambrosia
 j - 12 potions of curing {@q1}
 k - 3 potions of invisibility
 m - 9 potions of heal wounds {@q2}
 r - a potion of berserk rage {!q}
 s - 6 potions of might
 u - 5 potions of lignification {!q}
 w - 8 potions of brilliance
 A - 4 potions of mutation {!q}
 K - 3 potions of flight
Miscellaneous
 N - a phantom mirror
   (You found it on level 13 of the Dungeon)

Dungeon Overview and Level Annotations

Branches:
Dungeon (15/15) Zot: 26404  Temple (1/1) D:4 Zot: 5960    Lair (5/5) D:11 Zot: 23125
  Swamp (0/4) Lair:2       Spider (0/4) Lair:2        Slime (0/5) Lair:5
    Orc (2/2) D:10 Zot: 11789     Elf (0/3) Orc:2        Vaults (0/5) D:14
Gauntlet (visited)
 Depths: D:15

Altars:
Ashenzari
Cheibriados
Dithmenos
Fedhas
Hepliaklqana
Kikubaaqudgha
Nemelex Xobeh
Okawaru
Qazlal
Ru
Sif Muna
Trog
Uskayaw
Vehumet
The Shining One
Lugonu

Shops:
D:2 :(?[*   D:10 ([   D:14 *   Orc:1 (

Portals:
Abyss: Lair:5

Annotations:
D:8 2 runed translucent doors, get when take on cent warrior
D:10 exclusion: ice statue
Lair:3 exclusion: ice statue

............................
.............#.##...........
............##..#....#.....
....#......##.......##....
....##......#....#.##§§#
.#####..........##.§§§# # .
..........##.§#§## .##
............##§§§.....
.......#@##§§#§§...#
......##.u§.##§§...#
.....##..#§##§§#(#..
.(..##§§§§# .# .
.....##.§§u## .
.........§§§......
.....##....##.).## #...
##.... .## ... #.##.. #


You could see a brown ugly thing (petrifying, extremely poisoned).


Message History

Press ? for a list of commands and other information.
Done exploring.
You climb downwards.
There is a stone staircase leading up here.
Unknown command.
Unknown command.
You see here 4 stones {throwing}.
You see here 4 stones {throwing}.
An efreet comes into view.
It is wielding a +3 scimitar of flaming.
Danger!
Unknown command.
Cast which spell? (? or * to list)
Aiming: Petrify (safe; 1% risk of failure)
Press: ? - help, Shift-Dir - straight line, f - efreet
Aim: an efreet, wielding a +3 scimitar of flaming (asleep, umbra, chance to affect: 82%)
You feel a surge of power!
The efreet is moving more slowly.
Your shadow mimicks your spell!
The efreet resists with significant effort.
The efreet gestures at you.
The fireball explodes!
The fireball engulfs you!!
You emit a cloud of dark smoke.
You hear a horrible gurgling sound! x3
You strike the helpless efreet from behind!
You spit the efreet like a pig!!!
The efreet looks as sick as possible!
Your shadow hits the efreet but does no damage.
The efreet stops moving altogether!
A brown ugly thing comes into view.
The helpless efreet fails to defend itself.
You perforate the efreet like a sieve!!!!!
You kill the efreet!
Dithmenos accepts your kill.
You see here a +3 scimitar of flaming {long}.
Unknown command.
Casting: Petrify (safe; 1% risk of failure)
Confirm with . or Enter, or press ? or * to list all spells.
Aiming: Petrify (safe; 1% risk of failure)
Press: ? - help, Shift-Dir - straight line, f - brown ugly thing
Aim: a brown ugly thing (wandering, hasn't noticed you, umbra, chance to affect: 68%)
You feel a surge of power!
The brown ugly thing gurgles horribly!
The brown ugly thing struggles to resist.
Your shadow mimicks your spell!
The brown ugly thing is moving more slowly.
A brown ugly thing comes into view. x2
You hit the brown ugly thing.
The brown ugly thing is poisoned.
You catch the helpless brown ugly thing completely off-guard!
You skewer the brown ugly thing like a kebab!!!
Your shadow completely misses the brown ugly thing.
The brown ugly thing completely misses you.
A brown ugly thing comes into view.
You hit the brown ugly thing.
Your shadow hits the brown ugly thing but does no damage.
The brown ugly thing completely misses you.
You strike the helpless brown ugly thing from behind!
You spit the brown ugly thing like a pig!!!
You kill the brown ugly thing!
Dithmenos accepts your kill.
Your Spellcasting skill increases to level 18!
Unknown command.
Casting: Petrify (safe; 1% risk of failure)
Confirm with . or Enter, or press ? or * to list all spells.
Aiming: Petrify (safe; 1% risk of failure)
Press: ? - help, Shift-Dir - straight line, f - brown ugly thing
Aim: a brown ugly thing (umbra, chance to affect: 68%)
Okay, then.
Unknown command.
Casting: Petrify (safe; 1% risk of failure)
Confirm with . or Enter, or press ? or * to list all spells.
Aiming: Petrify (safe; 1% risk of failure)
Press: ? - help, Shift-Dir - straight line, f - brown ugly thing
Aim: a brown ugly thing (umbra, chance to affect: 68%)
You feel a surge of power!
The brown ugly thing is moving more slowly.
Your shadow mimicks your spell!
The brown ugly thing resists with some effort.
You completely miss the brown ugly thing.
Your shadow hits the brown ugly thing but does no damage.
The brown ugly thing gores you. The acid corrodes you!
You are splashed with acid!
The brown ugly thing gores you!
* * * LOW HITPOINT WARNING * * *
You emit a cloud of dark smoke.
You are splashed with acid!
* * * LOW HITPOINT WARNING * * *
You emit a cloud of dark smoke.
Unknown command.
Unknown command.
Casting: Petrify (safe; 1% risk of failure)
Confirm with . or Enter, or press ? or * to list all spells.
Aiming: Petrify (safe; 1% risk of failure)
Press: ? - help, Shift-Dir - straight line, f - brown ugly thing
Aim: a brown ugly thing (black smoke, umbra, chance to affect: 68%)
You feel a surge of power!
The brown ugly thing is moving more slowly.
You puncture the brown ugly thing!
The brown ugly thing is poisoned.
Your shadow hits the brown ugly thing with a dagger.
You hit the brown ugly thing.
The brown ugly thing looks as sick as possible!
The brown ugly thing gores you!
* * * LOW HITPOINT WARNING * * *
The acid corrodes you!
You are splashed with acid!
You die...

Skill      XL: |  1  2  3  4  5  6  7  8  9 10 11 12 13 14 15 |
---------------+----------------------------------------------+-----
Dodging        | 3 4 5 7 8 11 12 | 12.0
Spellcasting   | 3 4 5 7 8 10 12 13 15 18 | 18.0
Transmutations | 2 3 4 5 6 7 8 9 10 | 10.0
Short Blades   | 1 2 3 4 5 6 7 |  7.8
Earth Magic    | 3 4 5 7 8 10 11 12 | 12.0
Fighting       | 1 2 4 |  4.2
Stealth        | 4 5 7 8 10 13 16 | 16.3
Conjurations   | 2 7 9 |  9.0
Shields        | 2 |  2.9

Action                     |  1- 3 |  4- 6 |  7- 9 | 10-12 | 13-15 || total
---------------------------+-------+-------+-------+-------+-------++-------
  Melee: Dagger            |       |     2 |    18 |   198 |   388 ||   606
         Punch             |       |       |     1 |     1 |     6 ||     8
   Fire: Shortbow          |    21 |    74 |    33 |       |       ||   128
  Throw: Dart              |       |     3 |    10 |       |       ||    13
   Cast: Sandblast         |    29 |    70 |   187 |   309 |   148 ||   743
         Passwall          |       |     1 |     4 |     6 |    27 ||    38
         Petrify           |       |       |       |    35 |    72 ||   107
         Stone Arrow       |       |       |       |       |   237 ||   237
         Iron Shot         |       |       |       |       |    13 ||    13
         Irradiate         |       |       |       |       |     7 ||     7
 Invoke: Shadow Step       |       |       |       |     1 |     1 ||     2
    Use: Scroll            |       |       |     1 |    25 |     5 ||    31
         Potion            |       |       |       |       |     1 ||     1
   Stab: Sleeping          |       |     2 |     8 |    40 |   106 ||   156
         Petrified         |       |       |       |    20 |    27 ||    47
         Petrifying        |       |       |       |    15 |    25 ||    40
         Distracted        |       |       |       |       |     2 ||     2
 Armour: Robe              |     3 |     2 |     9 |    22 |    29 ||    65
         Steam dragon scal |       |       |       |     8 |       ||     8
  Dodge: Dodged            |    13 |    33 |   130 |   317 |   479 ||   972

Levels and vault maps discovered:
D:1:      lemuel_arrival_funnel, layout_loops_ring, grunt_decor_one_mirror
D:2:      layout_loops_ring, serial_shops,
          nicolae_shop_temple_entry_statues_fountains, nicolae_diamond_shop,
          nicolae_shop_tiny_glass, nicolae_shop_tiny_real_fake_doors,
          nicolae_shop_bloodbath_and_beyond
D:3:      layout_basic, nicolae_ecumenical_oubliette,
          chequers_serial_rivers_large_a, amcnicky_mini_corridor_feature
D:4:      nicolae_BIG_FREAKIN_CUBE, layout_basic, temple_hall,
          uniq_crazy_yiuf_cottage
D:5:      layout_rooms, marbit_many_paths
D:6:      layout_loops_ring, kennysheep_little_box, uniq_duvessa, uniq_eustachio
D:7:      layout_loops_ring, hangedman_minor_gate_pass
D:8:      layout_basic, minmay_hollow_rounded_squares, uniq_pikel, uniq_maurice,
          uniq_joseph, uniq_erica
D:9:      layout_irregular_city, chequers_temple_overflow_minitemple
D:10:     lemuel_ice_statue, layout_cave_pods, orc_david_3, special_room
          [special_room_orc], uniq_maggie, uniq_erolcha, uniq_grum
D:11:     layout_basic, lair_entry_dummy, uniq_fannar
D:12:     layout_loops_corners, special_room [special_room_bee]
D:13:     lemuel_ice_spiral_1, layout_small_grid, serial_rivers,
          chequers_serial_rivers_marsh, chequers_serial_rivers_large_b,
          chequers_serial_rivers_room_b, chequers_serial_rivers_small_3,
          kennysheep_cluttered_room
D:14:     layout_stronghold, skrybe_vaults_entry_preservation,
          nicolae_ru_awakened_eye, small_statue_alley_a, nicolae_shop_fire_sale
          [nicolae_sub_dead_trees], worms_lemuel
D:15:     hangedman_depths_entry_try_elsewhere_first, layout_cave_pools,
          nicolae_wwwww
Temple:   nicolae_temple_superstar
Lair:1:   layout_roguey
Lair:2:   layout_roguey, minmay_swamp_entry_worms,
          nicolae_spider_entry_non_spiders, grunt_megastairs_1
Lair:3:   dreamdust_isle_of_ice, layout_long_grid, serial_bayou_pond_d,
          grunt_forest_large_clearings, infiniplex_staircase_pool_2
Lair:4:   layout_regular_city, hangedman_lair_generics_rect
Lair:5:   hellmonk_lair_end_abyssal_woods, layout_cellular_growth,
          slime_entry_1, gauntlet_entry_generic, dreamdust_gnoll_shepherd
Orc:1:    layout_caves, serial_shops, shop_coins, nicolae_specific_store,
          uniq_harold, uniq_gastronok, uniq_urug
Orc:2:    st_orc_rangers, layout_caves, minmay_orc_temple_c, uniq_nessos

Notes
Turn   | Place    | Note
-------+----------+-------------------------------------------
     0 | D:1      | Sobieck the Spriggan Earth Elementalist began the quest for
                  | the Orb.
     0 | D:1      | Reached XP level 1. HP: 9/9 MP: 5/5
     4 | D:1      | You pick up a book of Blood and begin reading...
     4 | D:1      | You add the spells Sublimation of Blood, Wereblood and
                  | Summon Hydra to your library.
   397 | D:1      | Reached XP level 2. HP: 13/13 MP: 3/6
   884 | D:2      | Reached skill level 3 in Dodging
   884 | D:2      | Reached skill level 3 in Spellcasting
   884 | D:2      | Reached skill level 2 in Transmutations
   892 | D:1      | Learned a level 2 spell: Passwall
   948 | D:2      | Reached XP level 3. HP: 17/17 MP: 6/8
   967 | D:2      | Reached skill level 1 in Short Blades
   992 | D:2      | Found Naewurph's Weapon Boutique.
  1049 | D:2      | Found Qova's Magic Scroll Shop.
  1055 | D:2      | Bought a scroll of noise for 12 gold pieces
  1080 | D:2      | Identified the ring of Caufepsadgh {rC+ Str+4 SInv}
  1259 | D:2      | Reached skill level 3 in Earth Magic
  1259 | D:2      | Reached XP level 4. HP: 21/21 MP: 2/9
  1494 | D:2      | You pick up a book of Spatial Translocations and begin
                  | reading...
  1494 | D:2      | You add the spells Blink, Momentum Strike and Lesser
                  | Beckoning to your library.
  1531 | D:2      | Reached skill level 1 in Fighting
  1538 | D:2      | Found Gathruhaco's General Store.
  1577 | D:2      | Found Nutic's Antique Armour Shop.
  1718 | D:2      | Found Jaceir's Book Shoppe.
  1816 | D:3      | Found a faded altar of an unknown god.
  1909 | D:3      | Reached skill level 4 in Stealth
  2268 | D:3      | Reached XP level 5. HP: 14/25 MP: 4/11
  2435 | D:4      | Reached skill level 3 in Transmutations
  2730 | D:4      | Reached skill level 4 in Spellcasting
  2738 | D:4      | Learned a level 3 spell: Stone Arrow
  2743 | D:4      | Learned a level 4 spell: Petrify
  2780 | D:4      | Reached skill level 2 in Short Blades
  2780 | D:4      | Reached XP level 6. HP: 30/30 MP: 10/13
  2936 | D:4      | You pick up a book of the Senses and begin reading...
  2936 | D:4      | You add the spells Dazzling Flash, Agony and Silence to
                  | your library.
  3102 | D:4      | You add the spells Summon Forest and Eringya's Noxious Bog
                  | to your library.
  3243 | D:4      | Found a runed translucent door.
  3244 | D:4      | Noticed Crazy Yiuf
  3458 | D:4      | Found a staircase to the Ecumenical Temple.
  3467 | Temple   | Entered the Ecumenical Temple
  3503 | Temple   | Became a worshipper of Dithmenos the Shadowed
  3721 | D:4      | Killed Crazy Yiuf
  3813 | D:5      | Entered Level 5 of the Dungeon
  3823 | D:4      | Reached skill level 4 in Dodging
  3979 | D:5      | Reached skill level 4 in Transmutations
  4189 | D:5      | Found a hide-covered altar of Uskayaw.
  4234 | D:5      | Reached skill level 5 in Stealth
  4234 | D:5      | Reached XP level 7. HP: 30/33 MP: 12/15
  4526 | D:5      | Reached skill level 5 in Spellcasting
  4526 | D:5      | Reached skill level 4 in Earth Magic
  4870 | D:6      | You pick up a book of the Hunter and begin reading...
  4870 | D:6      | You add the spells Call Canine Familiar, Portal Projectile
                  | and Leda's Liquefaction to your library.
  4907 | D:6      | Noticed Eustachio
  5063 | D:6      | Found a radiant altar of Vehumet.
  5135 | D:6      | Reached skill level 5 in Transmutations
  5137 | D:6      | Reached skill level 2 in Fighting
  5220 | D:6      | Reached skill level 3 in Short Blades
  5278 | D:6      | Noticed Dowan
  5279 | D:6      | Reached XP level 8. HP: 39/39 MP: 14/17
  5509 | D:6      | Reached * piety under Dithmenos
  5517 | D:6      | Noticed Duvessa
  5565 | D:6      | Killed Duvessa
  5566 | D:6      | Reached skill level 5 in Dodging
  5583 | D:6      | Killed Dowan
  5646 | D:6      | Reached skill level 6 in Stealth
  5875 | D:6      | Killed Eustachio
  5876 | D:6      | Reached skill level 6 in Spellcasting
  5876 | D:6      | Reached skill level 6 in Transmutations
  5876 | D:6      | Reached skill level 5 in Earth Magic
  6160 | D:2      | Bought a scroll of teleportation for 36 gold pieces
  6160 | D:2      | Bought a scroll of enchant armour for 90 gold pieces
  6160 | D:2      | Bought a scroll of fear for 48 gold pieces
  6581 | D:7      | Reached skill level 4 in Short Blades
  6759 | D:7      | Reached skill level 7 in Stealth
  6759 | D:7      | Reached skill level 7 in Spellcasting
  7072 | D:7      | Reached XP level 9. HP: 42/42 MP: 17/20
  7141 | D:7      | Reached skill level 6 in Dodging
  7278 | D:7      | Reached ** piety under Dithmenos
  7279 | D:7      | Reached skill level 6 in Earth Magic
  7641 | D:2      | Bought a scroll of fog for 48 gold pieces
  7988 | D:8      | Noticed Pikel
  8006 | D:8      | Killed Pikel
  8007 | D:8      | Reached skill level 5 in Short Blades
  8007 | D:8      | Reached skill level 8 in Stealth
  8007 | D:8      | Reached skill level 8 in Spellcasting
  8183 | D:8      | Found a large runed translucent door.
  8183 | D:8      | Found a large runed translucent door.
  8211 | D:8      | Noticed Erica
  8241 | D:8      | Reached skill level 7 in Dodging
  8300 | D:8      | Reached skill level 7 in Earth Magic
  8300 | D:8      | Reached XP level 10. HP: 46/46 MP: 20/23
  8335 | D:8      | Found a large runed translucent door.
  8335 | D:8      | Found a large runed translucent door.
  8361 | D:8      | Reached skill level 9 in Spellcasting
  8389 | D:8      | Noticed a centaur warrior
  8419 | D:8      | Noticed a white ugly thing
  8455 | D:8      | Killed a white ugly thing
  8456 | D:8      | Reached skill level 9 in Stealth
  8545 | D:8      | Noticed Maurice
  8575 | D:8      | Killed Maurice
  8675 | D:8      | You pick up a book of Death and begin reading...
  8675 | D:8      | You add the spells Animate Dead, Haunt and Infestation to
                  | your library.
  8680 | D:8      | Identified the staff of poison "Osan" {*Corrode rPois rC+
                  | Will+ Int+2}
  8847 | D:8      | Reached *** piety under Dithmenos
  8942 | D:8      | Noticed Joseph
  8948 | D:8      | Killed Joseph
  8949 | D:8      | Reached skill level 6 in Short Blades
  9128 | D:9      | Reached skill level 8 in Dodging
  9265 | D:9      | Noticed a two-headed ogre
  9294 | D:8      | Killed a two-headed ogre
  9295 | D:8      | Reached skill level 10 in Spellcasting
  9295 | D:8      | Reached skill level 8 in Earth Magic
  9478 | D:9      | Found an ancient bone altar of Kikubaaqudgha.
  9478 | D:9      | Found a broken altar of Ashenzari.
  9553 | D:9      | Found a glowing golden altar of the Shining One.
  9555 | D:9      | Found a hazy altar of Hepliaklqana.
  9557 | D:9      | Found a stormy altar of Qazlal.
  9597 | D:9      | Reached skill level 10 in Stealth
  9597 | D:9      | Reached skill level 7 in Transmutations
  9817 | D:9      | Reached XP level 11. HP: 50/50 MP: 26/26
 10022 | D:9      | Identified a +0 robe of the Archmagi
 10542 | D:10     | Entered Level 10 of the Dungeon
 10559 | D:10     | Found Siegrese's Weapon Boutique.
 10560 | D:10     | Found a staircase to the Orcish Mines.
 10570 | D:10     | Reached skill level 11 in Spellcasting
 10570 | D:10     | Reached skill level 8 in Transmutations
 10599 | D:9      | Reached **** piety under Dithmenos
 10692 | D:10     | Noticed Erolcha
 10693 | D:10     | Found Zahaedux's Armour Boutique.
 10704 | D:10     | Killed Erolcha
 10705 | D:10     | Reached skill level 9 in Dodging
 10902 | D:10     | Noticed Grum
 10931 | D:10     | Killed Grum
 10932 | D:10     | Reached skill level 11 in Stealth
 11193 | D:10     | Reached skill level 12 in Spellcasting
 11832 | D:10     | Noticed Maggie
 11837 | D:10     | Killed Maggie
 11838 | D:10     | Reached skill level 10 in Dodging
 11838 | D:10     | Reached skill level 12 in Stealth
 11946 | D:11     | Reached skill level 13 in Stealth
 11948 | D:11     | Reached skill level 11 in Dodging
 12071 | D:11     | Found a staircase to the Lair.
 12363 | D:11     | Reached XP level 12. HP: 54/54 MP: 21/29
 12500 | D:11     | Reached skill level 14 in Stealth
 12517 | D:11     | Reached ***** piety under Dithmenos
 12518 | D:11     | Reached skill level 12 in Dodging
 12851 | D:11     | Noticed Fannar
 13056 | Orc:1    | Entered Level 1 of the Orcish Mines
 13063 | Orc:1    | Noticed Urug
 13093 | Orc:1    | Found Ymel's Antique Weapon Shop.
 13096 | Orc:1    | Killed Urug
 13097 | Orc:1    | Reached skill level 15 in Stealth
 13100 | Orc:1    | Noticed Harold
 13116 | Orc:1    | Killed Harold
 13366 | D:2      | Bought a scroll of acquirement for 624 gold pieces
 13366 | D:2      | Acquired 1230 gold pieces
 13368 | D:2      | Bought a scroll of poison for 48 gold pieces
 13368 | D:2      | Bought a scroll of vulnerability for 48 gold pieces
 13368 | D:2      | Bought a scroll of immolation for 48 gold pieces
 13404 | D:2      | Bought the +10 dagger of Articulation {venom, rC+} for 664
                  | gold pieces
 13404 | D:2      | Bought a scroll of magic mapping for 75 gold pieces
 13669 | Orc:2    | Entered Level 2 of the Orcish Mines
 13731 | Orc:2    | Noticed a two-headed ogre
 13732 | Orc:2    | Found a staircase to the Elven Halls.
 13815 | Lair:1   | Entered Level 1 of the Lair of Beasts
 13871 | Lair:1   | You pick up a book of Iron and begin reading...
 13871 | Lair:1   | You add the spells Animate Armour, Blade Hands and Iron
                  | Shot to your library.
 14120 | Lair:1   | Reached skill level 3 in Fighting
 14395 | Lair:1   | Reached skill level 7 in Short Blades
 14397 | Lair:1   | Identified the +5 trident "Igicaac" {antimagic, rF+ Dex+3}
 14686 | Lair:1   | Reached skill level 16 in Stealth
 14897 | Lair:1   | Reached skill level 4 in Fighting
 14901 | Lair:1   | Reached skill level 13 in Spellcasting
 15094 | Lair:2   | Found a hole to the Spider Nest.
 15168 | Lair:2   | Learned a level 6 spell: Iron Shot
 15212 | Lair:2   | Reached skill level 1 in Conjurations
 15338 | Lair:2   | Reached skill level 2 in Conjurations
 15338 | Lair:2   | Reached XP level 13. HP: 61/61 MP: 31/31
 15403 | Lair:2   | You add the spells Vhi's Electric Charge, Arcjolt and
                  | Maxwell's Capacitive Coupling to your library.
 15532 | Lair:2   | Reached skill level 3 in Conjurations
 15716 | Lair:2   | Reached skill level 4 in Conjurations
 16151 | Lair:2   | Reached skill level 5 in Conjurations
 16252 | Lair:2   | Found a staircase to the Swamp.
 16465 | Lair:3   | You pick up a book of the Warp and begin reading...
 16465 | Lair:3   | You add the spells Manifold Assault, Dispersal and
                  | Disjunction to your library.
 16576 | Lair:3   | Reached ****** piety under Dithmenos
 16596 | Lair:3   | Reached skill level 9 in Earth Magic
 17127 | Lair:3   | Reached skill level 10 in Earth Magic
 17248 | Lair:3   | You pick up a book of Scorching and begin reading...
 17248 | Lair:3   | You add the spells Scorch, Flame Wave and Summon Cactus
                  | Giant to your library.
 17484 | Lair:3   | Reached skill level 6 in Conjurations
 18260 | Lair:4   | Reached skill level 7 in Conjurations
 18408 | Lair:4   | Reached XP level 14. HP: 66/66 MP: 32/32
 18984 | Lair:4   | Reached skill level 8 in Conjurations
 19501 | Lair:4   | Reached skill level 9 in Conjurations
 19812 | Lair:5   | Entered Level 5 of the Lair of Beasts
 20017 | Lair:5   | Found a staircase to the Slime Pits.
 20043 | Lair:5   | Reached skill level 14 in Spellcasting
 20060 | Lair:5   | Found a gate leading to a gauntlet.
 20068 | Gauntlet | Entered a Gauntlet
 20068 | Gauntlet | Found a transporter.
 20068 | Gauntlet | Found a transporter.
 20068 | Gauntlet | Found a runed translucent door.
 20077 | Gauntlet | Found a runed translucent door.
 20078 | Gauntlet | Found a transporter.
 20079 | Gauntlet | Found a transporter.
 20081 | Gauntlet | Found a transporter.
 20118 | Gauntlet | Found a transporter.
 20120 | Gauntlet | Found a transporter.
 20120 | Gauntlet | Found a transporter.
 20125 | Gauntlet | Found a runed translucent door.
 20125 | Gauntlet | Noticed a balrug
 20130 | Gauntlet | Found a runed translucent door.
 20130 | Gauntlet | Found the brooch of Shielding {Spirit SH+8}
 20132 | Gauntlet | Found a transporter.
 20147 | Gauntlet | Found a runed translucent gate.
 20148 | Gauntlet | Found a transporter.
 20148 | Gauntlet | Found a runed translucent gate.
 20149 | Gauntlet | Found a runed translucent gate.
 20158 | Gauntlet | Found a transporter.
 20172 | Gauntlet | Found a transporter.
 20192 | Gauntlet | Found a transporter.
 20205 | Gauntlet | Found a transporter.
 21147 | Lair:5   | Reached skill level 15 in Spellcasting
 21623 | Lair:5   | You pick up a book of Transfigurations {@e2} and begin
                  | reading...
 21623 | Lair:5   | You add the spells Irradiate and Dragon Form to your
                  | library.
 21649 | Lair:5   | Learned a level 5 spell: Irradiate
 22152 | Lair:5   | Identified the +3 scimitar "Utuibe Cuph" {flame, Drain
                  | Int+8 Dex+3}
 22241 | Lair:5   | Reached skill level 9 in Transmutations
 22353 | Lair:5   | Reached skill level 11 in Earth Magic
 22457 | Lair:5   | Found a corrupted altar of Lugonu.
 22457 | Lair:5   | Found a one-way gate to the infinite horrors of the Abyss.
 23107 | D:12     | Reached XP level 15. HP: 70/70 MP: 35/35
 23254 | D:12     | Acquired 461 gold pieces
 23281 | D:12     | Reached skill level 10 in Transmutations
 24379 | D:13     | Reached skill level 12 in Earth Magic
 24969 | D:13     | You pick up a book of Frost and begin reading...
 24969 | D:13     | You add the spells Freeze, Frozen Ramparts and Hailstorm to
                  | your library.
 25129 | D:13     | You add the spells Foxfire, Cigotuvi's Dreadful Rot and
                  | Fire Storm to your library.
 25129 | D:13     | Got the Grimoire of the Tropics and the Autopsy
 25494 | D:14     | Reached skill level 16 in Spellcasting
 25682 | D:14     | Found a sacrificial altar of Ru.
 26102 | D:14     | Found Zyni Raagaz's Fire Supplies.
 26134 | D:14     | Identified the ring of Laxacaiw {rPois rC+ Str+4}
 26501 | D:14     | Found a gate to the Vaults.
 26542 | D:14     | Reached skill level 17 in Spellcasting
 27038 | D:8      | Killed Erica
 27139 | D:11     | Killed Fannar
 27277 | D:14     | Reached skill level 1 in Shields
 27433 | D:15     | Entered Level 15 of the Dungeon
 27461 | D:14     | Reached skill level 2 in Shields
 27488 | D:15     | HP: 17/70 [two-headed ogre/+0 giant club (23)]
 28165 | D:15     | Reached skill level 18 in Spellcasting
 28175 | D:15     | HP: 9/70 [brown ugly thing (12)]
 28175 | D:15     | Splashed by a brown ugly thing's acid

Vanquished Creatures
  An ironbound preserver (D:14)
  A spark wasp (shapeshifter) (Lair:5)
  Harold (Orc:1)
  Fannar (D:11)
  3 hydras
  2 catoblepae
  Erolcha (D:10)
  An ogre mage (D:15)
  A death knight (D:14)
  Erica (D:8)
  4 centaur warriors
  2 boulder beetles (D:13)
  10 two-headed ogres
  A tengu warrior (D:14)
  8 death yaks
  Urug (Orc:1)
  3 thrashing horrors (Lair:5)
  2 skysharks
  A skeletal warrior (D:14)
  A lindwurm (Lair:5)
  A bog body (Lair:3)
  Pikel (D:8)
  An orc knight (D:15)
  2 deep elf pyromancers (D:14)
  6 cyclopes
  9 manticores
  4 ugly things
  A demonic crawler (D:14)
  7 black mambas
  Maurice (D:8)
  A black mamba (shapeshifter) (D:14)
  Joseph (D:8)
  9 elephants
  9 cane toads
  A smoke demon (Lair:5)
  5 gargoyles
  4 torpor snails
  Maggie (D:10)
  An unseen horror (D:10)
  5 rime drakes
  10 komodo dragons
  3 freezing wraiths
  2 kobold demonologists
  2 efreet
  3 ancient zymes (Lair:5)
  A queen bee (D:12)
  2 ice devils (Lair:3)
  A wind drake (shapeshifter) (Lair:5)
  3 meliai (D:12)
  4 polar bears
  A troll (D:10)
  3 large abominations (Lair:5)
  4 dream sheep
  A tyrant leech (D:14)
  30 blink frogs
  2 centaur simulacra (D:14)
  25 slime creatures
  A spriggan (shapeshifter) (D:13)
  3 shadows
  A vampire (D:13)
  2 wraiths
  A spriggan (Lair:5)
  7 wyverns
  A dire elephant simulacrum (Lair:3)
  Eustachio (D:6)
  2 ynoxinuls (Lair:5)
  7 basilisks
  Grum (D:10)
  100 yaks
  2 chaos spawn (Lair:5)
  4 steam dragons
  8 vampire mosquitoes
  3 swamp worms (D:14)
  2 acid dragons
  Duvessa (D:6)
  A warg (Orc:1)
  9 water moccasins
  13 orc warriors
  A sky beast (D:7)
  2 black bears
  9 ice beasts
  2 ogres
  49 wolves
  2 centaurs
  2 phantoms
  2 kobold brigands
  10 bullfrogs
  A gnoll sergeant (D:8)
  A cane toad simulacrum (Lair:3)
  6 scorpions
  11 wights
  Dowan (D:6)
  An elephant simulacrum (Lair:3)
  10 small abominations (Lair:5)
  25 killer bees
  2 howler monkeys
  7 jellies
  Crazy Yiuf (D:4)
  10 orc priests
  2 sleepcaps
  2 gnoll boudas
  8 iguanas
  11 orc wizards
  2 spriggan simulacra (Lair:3)
  11 gnolls
  8 adders
  A shadow imp (D:7)
  2 white imps
  An ufetubus (D:5)
  4 worms
  89 orcs
  4 ball pythons
  3 bats (D:1)
  6 endoplasms
  2 giant cockroaches
  8 goblins
  4 hobgoblins
  5 quokkas
  3 frilled lizards
  5 kobolds
  3 rats
722 creatures vanquished.

Vanquished Creatures (others)
  A polar bear (Lair:3)
1 creature vanquished.

Grand Total: 723 creatures vanquished

Table legend:
 A = Non-vault XP
 B = Vault XP
 C = Vault XP percentage of total XP
 D = Non-vault monster count
 E = Vault monster count
 F = Vault count percentage of total count
                 A         B        C        D         E       F
            +---------+---------+-------+---------+---------+-------
      Total |  100426 |   47050 |  31.9 |     497 |     226 |  31.3
            +---------+---------+-------+---------+---------+-------
        D:1 |      27 |       0 |   0.0 |      16 |       0 |   0.0
        D:2 |     114 |       0 |   0.0 |      15 |       0 |   0.0
        D:3 |      81 |       0 |   0.0 |      14 |       0 |   0.0
        D:4 |     359 |      41 |  10.2 |      27 |       1 |   3.6
        D:5 |     401 |      13 |   3.1 |      13 |       1 |   7.1
        D:6 |     538 |     433 |  44.6 |      14 |       3 |  17.6
        D:7 |    1039 |     683 |  39.7 |      27 |       7 |  20.6
        D:8 |    2655 |    4515 |  63.0 |      30 |      12 |  28.6
        D:9 |    3079 |     133 |   4.1 |      32 |       2 |   5.9
       D:10 |    2890 |    2320 |  44.5 |      16 |      36 |  69.2
       D:11 |    6478 |     865 |  11.8 |      32 |       1 |   3.0
       D:12 |    7505 |    2482 |  24.9 |      25 |      24 |  49.0
       D:13 |    8965 |     918 |   9.3 |      22 |       7 |  24.1
       D:14 |   13356 |    7324 |  35.4 |      31 |      15 |  32.6
       D:15 |    4246 |       0 |   0.0 |       9 |       0 |   0.0
     Lair:1 |    8379 |       0 |   0.0 |      37 |       0 |   0.0
     Lair:2 |    9595 |    2489 |  20.6 |      39 |      14 |  26.4
     Lair:3 |    5021 |    7532 |  60.0 |      13 |      51 |  79.7
     Lair:4 |   14797 |    3337 |  18.4 |      42 |       7 |  14.3
     Lair:5 |   10261 |   12305 |  54.5 |      32 |      43 |  57.3
      Orc:1 |     509 |    1660 |  76.5 |       8 |       2 |  20.0
      Orc:2 |     131 |       0 |   0.0 |       3 |       0 |   0.0
            +---------+---------+-------+---------+---------+-------

Skill      XL: |  1  2  3  4  5  6  7  8  9 10 11 12 13 14 15 |
---------------+----------------------------------------------+-----
Dodging        | 3 4 5 7 8 11 12 | 12.0
Spellcasting   | 3 4 5 7 8 10 12 13 15 18 | 18.0
Transmutations | 2 3 4 5 6 7 8 9 10 | 10.0
Short Blades   | 1 2 3 4 5 6 7 |  7.8
Earth Magic    | 3 4 5 7 8 10 11 12 | 12.0
Fighting       | 1 2 4 |  4.2
Stealth        | 4 5 7 8 10 13 16 | 16.3
Conjurations   | 2 7 9 |  9.0
Shields        | 2 |  2.9

Action                     |  1- 3 |  4- 6 |  7- 9 | 10-12 | 13-15 || total
---------------------------+-------+-------+-------+-------+-------++-------
  Melee: Dagger            |       |     2 |    18 |   198 |   388 ||   606
         Punch             |       |       |     1 |     1 |     6 ||     8
   Fire: Shortbow          |    21 |    74 |    33 |       |       ||   128
  Throw: Dart              |       |     3 |    10 |       |       ||    13
   Cast: Sandblast         |    29 |    70 |   187 |   309 |   148 ||   743
         Passwall          |       |     1 |     4 |     6 |    27 ||    38
         Petrify           |       |       |       |    35 |    72 ||   107
         Stone Arrow       |       |       |       |       |   237 ||   237
         Iron Shot         |       |       |       |       |    13 ||    13
         Irradiate         |       |       |       |       |     7 ||     7
 Invoke: Shadow Step       |       |       |       |     1 |     1 ||     2
    Use: Scroll            |       |       |     1 |    25 |     5 ||    31
         Potion            |       |       |       |       |     1 ||     1
   Stab: Sleeping          |       |     2 |     8 |    40 |   106 ||   156
         Petrified         |       |       |       |    20 |    27 ||    47
         Petrifying        |       |       |       |    15 |    25 ||    40
         Distracted        |       |       |       |       |     2 ||     2
 Armour: Robe              |     3 |     2 |     9 |    22 |    29 ||    65
         Steam dragon scal |       |       |       |     8 |       ||     8
  Dodge: Dodged            |    13 |    33 |   130 |   317 |   479 ||   972

Illustrated notes

Table legend:
 A = Kills in this place as a percentage of kills in the entire game.
 B = Kills by you in this place as a percentage of kills by you in the entire game.
 C = Kills by friends in this place as a percentage of kills by friends in the entire game.
 D = Other kills in this place as a percentage of other kills in the entire game.
 E = Experience gained in this place as a percentage of experience gained in the entire game.
 F = Experience gained in this place divided by the number of levels of this place that you have seen.
                   A       B       C       D       E      F
               +-------+-------+-------+-------+-------+----------------------
         Total | 100.0 | 100.0 |   N/A | 100.0 | 100.0 | 6144.8
       Dungeon |  59.8 |  59.8 |   N/A |   0.0 |  48.5 | 4764.0
          Lair |  38.5 |  38.4 |   N/A | 100.0 |  50.0 | 14743.2
  Orcish Mines |   1.8 |   1.8 |   N/A |   0.0 |   1.6 | 1150.0
               +-------+-------+-------+-------+-------+----------------------

Table legend: (Time is in decaauts)
 A = Elapsed time spent in this place.
 B = Non-inter-level travel time spent in this place.
 C = Inter-level travel time spent in this place.
 D = Time resting spent in this place.
 E = Time spent auto-exploring this place.
 F = Levels seen in this place.
 G = Mean time per level.
                   A        B        C        D        E       F      G
               +--------+--------+--------+--------+--------+-----+--------+
         Total |  21426 |  20187 |   1239 |   3771 |  10928 |  24 |  892.8 |
       Dungeon |  14153 |  13105 |   1048 |   2583 |   6953 |  15 |  943.5 |
        Temple |     39 |     22 |     17 |      0 |     13 |   1 |   39.0 |
          Lair |   6874 |   6725 |    149 |   1184 |   3810 |   5 | 1374.8 |
  Orcish Mines |    210 |    185 |     25 |      4 |     60 |   2 |  105.0 |
      Gauntlet |    147 |    147 |      0 |      0 |     89 |   1 |  147.0 |
               +--------+--------+--------+--------+--------+-----+--------+

Top non-repeatable levels by time:
  Lair:5: 2139 daAuts
    D:14: 1608 daAuts
     D:8: 1348 daAuts
  Lair:4: 1311 daAuts
  Lair:3: 1250 daAuts
    D:10: 1232 daAuts
  Lair:2: 1217 daAuts
     D:4: 1093 daAuts
     D:7: 1092 daAuts
     D:9: 1022 daAuts
    D:12: 1008 daAuts
  Lair:1: 955 daAuts
     D:6: 952 daAuts
    D:13: 930 daAuts
    D:11: 900 daAuts
